 Dungeon Crawl Stone Soup version 0.27-a0-1416-g941b2bd30b (webtiles) character file.

Game seed: 4038033227222519649

13 Brandom the Insei (level 2, 0/18 HPs)
             Began as an Octopode Transmuter on July 1, 2021.
             Slain by a ball python (1 damage)
             ... on level 1 of the Dungeon.
             The game lasted 00:00:49 (555 turns).

Brandom the Insei (Octopode Transmuter)              Turns: 555, Time: 00:00:50

Health: 0/18       AC:  1    Str:  9    XL:     2   Next: 37%
Magic:  5/5        EV: 10    Int: 15    God:
Gold:   12         SH:  0    Dex: 12    Spells: 4/5 levels left

rFire    . . .     SeeInvis .     - Unarmed
rCold    . . .     Faith    .   (no shield)
rNeg     . . .     Spirit   .   (helmet restricted)
rPois    .         Reflect  .   (no amulet)
rElec    .         Harm     .   (no ring)
rCorr    .         Rampage  .   (no ring)
Will     .....                  (no ring)
Stlth    ++........             (no ring)
HPRegen  0.06/turn              (no ring)
MPRegen  0.09/turn              (no ring)
                                (no ring)
                                (no ring)

@: constricted
A: almost no armour, amphibious, 8 rings, camouflage 1, gelatinous body 1,
(nimble swimmer 1), tentacles
a: no special abilities


You were on level 1 of the Dungeon.
You visited 1 branch of the dungeon, and saw 1 of its levels.

You collected 12 gold pieces.

Inventory:

Scrolls
 a - a scroll of teleportation {unknown}
Potions
 b - a potion of curing {unknown}


   Skills:
 * Level 1.5 Fighting
 + Level 2.1 Dodging
 + Level 3.1 Unarmed Combat
 + Level 2.1 Spellcasting
 + Level 2.1 Transmutations


You had 4 spell levels left.
You knew the following spells:

 Your Spells              Type           Power      Damage    Failure   Level
a - Beastly Appendage     Tmut           16%        N/A       9%          1

Your spell library contained the following spells:

 Spells                   Type           Power      Damage    Failure   Level
 Sting                    Tmut/Pois      16%        1d3       14%         1
 Wereblood                Tmut           8%         N/A       14%         2
 Poisonous Vapours        Pois/Air       2%         N/A       32%         2
 Spider Form              Tmut/Pois      2%         N/A       38%         3
 Ice Form                 Ice/Tmut       4%         N/A       80%         4
 Olgreb's Toxic Radiance  Pois           1%         N/A       91%         4


Dungeon Overview and Level Annotations

Branches:
Dungeon (1/15)

Altars:


Innate Abilities, Weirdness & Mutations

You cannot wear most types of armour.
You are amphibious.
You can wear up to eight rings at the same time.
Your skin changes colour to match your surroundings (Stealth+).
Your rubbery body absorbs attacks. (AC +1, EV +1)
((You are camouflaged near water. (Stealth+)))
You have tentacles for arms and can constrict up to eight enemies at once.


Message History

The hobgoblin shouts!
You tentacle-slap the hobgoblin. You grab the hobgoblin.
You squeeze the hobgoblin.
You kill the hobgoblin!
You hear a shout! x2; You hear an angry hiss. x2
The bat hits you. The bat barely misses you.
You tentacle-slap the bat. Your grab misses the bat.
Your squeeze misses the bat. The bat closely misses you.
You tentacle-slap the bat.
You kill the bat!
A hobgoblin comes into view.
The hobgoblin barely misses you.
A rat comes into view.
You see here a hobgoblin corpse.
You tentacle-slap the hobgoblin. Your grab misses the hobgoblin.
The hobgoblin hits you.
A frilled lizard comes into view.
You barely miss the hobgoblin.
The frilled lizard hisses angrily.
You grab the hobgoblin.
You constrict the hobgoblin, but do no damage.
The hobgoblin misses you.
You tentacle-slap the hobgoblin but do no damage.
You constrict the hobgoblin, but do no damage.
The hobgoblin barely misses you.
You tentacle-slap the hobgoblin. You constrict the hobgoblin.
The hobgoblin hits you.
* * * LOW HITPOINT WARNING * * *
The rat bites you.
* * * LOW HITPOINT WARNING * * *
A ball python comes into view.
You are too injured to fight recklessly!
You are too injured to fight recklessly!
You are too injured to fight recklessly!
You are too injured to fight recklessly!
You barely miss the rat.
The ball python hisses angrily.
You grab the rat. You constrict the hobgoblin. You constrict the rat.
The hobgoblin hits you.
* * * LOW HITPOINT WARNING * * *
The rat closely misses you.
You tentacle-slap the rat.
You kill the rat!
You constrict the hobgoblin.
You kill the hobgoblin!
You see here a bat corpse.
The ball python bites you.
* * * LOW HITPOINT WARNING * * *
The ball python grabs you.
You die...

..## ...#
...# .# #..#
...# . ..
..## ...# ..
. ....##
..## ...#.
#.. ..#
#####
.....####.#
...+ .#..#
........†#
#.. ## ..#.#
..###Sl.##.#
..# ...##
#@#...# #..
....# #.#
#.##..##.#
....# #.#
..###...#
....# ...
#### #...#
#...# #.#
#.#.....#
....# #.#
##.#######
##..###.#
##...##
......#.#
#.....#####
##..#...#
##.........


You could see a ball python and a frilled lizard.

Vanquished Creatures
  2 bats (D:1)
  2 giant cockroaches (D:1)
  5 hobgoblins (D:1)
  A rat (D:1)
10 creatures vanquished.

Notes
Turn   | Place    | Note
-------+----------+-------------------------------------------
     0 | D:1      | Brandom the Octopode Transmuter began the quest for the
                  | Orb.
     0 | D:1      | Reached XP level 1. HP: 13/13 MP: 3/3
   512 | D:1      | Reached XP level 2. HP: 17/18 MP: 5/5
   555 | D:1      | Slain by a ball python

Illustrated notes

Levels and vault maps discovered:
D:1:      matt_arrival_grand_opening, layout_loops_corners, minmay_vboxes

Action                   || total
-------------------------++-------
Melee: Unarmed           ||    34
       Constrict         ||     9
       Punch             ||     1
       Tentacles         ||     2
 Stab: Sleeping          ||     2
Armor: Skin              ||     2
Dodge: Dodged            ||    27

Table legend: (Time is in decaauts)
 A = Elapsed time spent in this place.
 B = Non-inter-level travel time spent in this place.
 C = Inter-level travel time spent in this place.
 D = Time resting spent in this place.
 E = Time spent auto-exploring this place.
 F = Levels seen in this place.
 G = Mean time per level.
                   A        B        C        D        E       F      G
               +--------+--------+--------+--------+--------+-----+--------+
         Total |    553 |    553 |      0 |      0 |    484 |   1 |  553.0 |
       Dungeon |    553 |    553 |      0 |      0 |    484 |   1 |  553.0 |
               +--------+--------+--------+--------+--------+-----+--------+

Top non-repeatable levels by time:
     D:1: 553 daAuts
